 Dungeon Crawl Stone Soup version 0.27.1-16-g815e20cd7a (webtiles) character file.

Game seed: 14555379389740669404

100 pkoi the Insei (level 4, -1/38 HPs)
             Began as a Draconian Monk on Nov 23, 2021.
             Slain by a scorpion (3 damage)
             ... on level 3 of the Dungeon.
             The game lasted 00:02:16 (2234 turns).

pkoi the Insei (Draconian Monk)                     Turns: 2234, Time: 00:02:16

Health: -1/38      AC:  6    Str: 13    XL:     4   Next: 46%
Magic:  4/4        EV: 13    Int: 11    God:
Gold:   79         SH:  0    Dex: 14    Spells: 3/3 levels left

rFire    . . .     SeeInvis .     - Unarmed
rCold    . . .     Faith    .   (no shield)
rNeg     . . .     Spirit   .   (armour unavailable)
rPois    .         Reflect  .   (helmet restricted)
rElec    .         Harm     .   d - +0 cloak
rCorr    .         Rampage  .   (no gloves)
Will     .....                  (no boots)
Stlth    ++........             (no amulet)
HPRegen  0.12/turn              h - ring of wizardry
MPRegen  0.09/turn              (no ring)

@: lethally poisoned (-1 -> -6)
A: AC +5, unfitting armour, cold-blooded
a: no special abilities


You were on level 3 of the Dungeon.
You visited 1 branch of the dungeon, and saw 3 of its levels.

You collected 79 gold pieces.

Inventory:

Missiles
 e - 7 silver boomerangs (quivered)
Armour
 d - a +0 cloak (worn)
Jewellery
 f - a ring of fire
 h - a ring of wizardry (left hand)
Potions
 a - a potion of haste {unknown}
 c - a potion of lignification


   Skills:
 - Level 3.2 Fighting
 + Level 2.9 Dodging
 - Level 1.7 Stealth
 * Level 5.1 Unarmed Combat


You had 3 spell levels left.
You didn't know any spells.
Your spell library contained the following spells:

 Spells                   Type           Power      Damage    Failure   Level
 Foxfire                  Conj/Fire      0%         2x1d4     14%         1
 Magic Dart               Conj           0%         1d3       14%         1
 Searing Ray              Conj           0%         3d3       21%         2
 Static Discharge         Conj/Air       0%         N/A       21%         2
 Conjure Flame            Conj/Fire      0%         6-21      38%         3
 Dazzling Flash           Conj/Hex       0%         N/A       38%         3
 Gell's Gravitas          Tloc           0%         N/A       38%         3
 Inner Flame              Hex/Fire       0%         N/A       38%         3
 Lesser Beckoning         Tloc           0%         N/A       38%         3
 Stone Arrow              Conj/Erth      0%         3d7       38%         3
 Teleport Other           Tloc           0%         N/A       38%         3
 Dispel Undead            Necr           0%         3d6       77%         4
 Fulminant Prism          Conj/Hex       0%         3d6       77%         4
 Iskenderun's Mystic Bla  Conj/Tloc      0%         2d3       77%         4
 Sticky Flame             Conj/Fire      0%         2d3       77%         4
 Bolt of Magma            Conj/Fire/Erth 0%         4d4       98%         5
 Starburst                Conj/Fire      0%         6d3       100%        6
 Shatter                  Erth           0%         3d5*      100%        9


Dungeon Overview and Level Annotations

Branches:
Dungeon (3/15)

Altars:

Shops:
D:3 [


Innate Abilities, Weirdness & Mutations

Your plain brown scales are hard. (AC +5)
You cannot fit into any form of body armour.
You are cold-blooded and may be slowed by cold attacks.


Message History

The scorpion is heavily wounded.
You feel sick. The scorpion stings you!
* * * LOW HITPOINT WARNING * * *
You are lethally poisoned!
The scorpion poisons you!
You hit the scorpion but do no damage.
The scorpion is heavily wounded.
* * * LOW HITPOINT WARNING * * *
You feel very sick. The scorpion closely misses you.
You hit the scorpion but do no damage.
You tail-slap the scorpion, but do no damage.
The scorpion is heavily wounded.
* * * LOW HITPOINT WARNING * * *
You feel very sick.
The scorpion stings you but does no damage.
You punch the scorpion!
The scorpion is almost dead.
* * * LOW HITPOINT WARNING * * *
You feel very sick. The scorpion closely misses you.
You hit the scorpion but do no damage.
The scorpion is almost dead.
* * * LOW HITPOINT WARNING * * *
You feel sick. The scorpion stings you.
* * * LOW HITPOINT WARNING * * *
You closely miss the scorpion.
The scorpion is almost dead.
* * * LOW HITPOINT WARNING * * *
You feel sick. The scorpion completely misses you.
You barely miss the scorpion.
You tail-slap the scorpion, but do no damage.
The scorpion is almost dead.
* * * LOW HITPOINT WARNING * * *
You feel sick. The scorpion barely misses you.
You hit the scorpion but do no damage.
The scorpion is almost dead.
* * * LOW HITPOINT WARNING * * *
You feel sick. The scorpion stings you.
You die...

#.# #.# #### #.# #..# #
#.#####..# ##.
##.#..##...
##...#########..†....∩..
...........>......†...##
##...##.######.#..##..##
## #@# #.##.##..##
#..s.# #)##....###
#.#### #.####### # #.#
#.# #.# #.# #.# ######
#.# #<....


You could see a scorpion.

Vanquished Creatures
  4 adders
  2 dart slugs
  3 orcs (D:3)
  5 ball pythons
  4 endoplasms
  3 giant cockroaches
  8 hobgoblins
  4 jackals (D:2)
  3 kobolds
  3 quokkas
  4 bats
  4 frilled lizards
  4 goblins
  4 rats
55 creatures vanquished.

Notes
Turn   | Place    | Note
-------+----------+-------------------------------------------
     0 | D:1      | pkoi the Draconian Monk began the quest for the Orb.
     0 | D:1      | Reached XP level 1. HP: 19/19 MP: 1/1
   178 | D:1      | Reached XP level 2. HP: 26/26 MP: 2/2
   416 | D:1      | Found a faded altar of an unknown god.
   601 | D:1      | Reached skill level 4 in Unarmed Combat
   798 | D:2      | Reached XP level 3. HP: 29/31 MP: 3/3
  1504 | D:3      | Reached XP level 4. HP: 18/38 MP: 4/4
  1823 | D:3      | Reached skill level 5 in Unarmed Combat
  2093 | D:3      | Found Varph's Armour Shoppe.
  2224 | D:3      | Noticed a scorpion
  2234 | D:3      | Slain by a scorpion

Illustrated notes

Levels and vault maps discovered:
D:1:      minmay_arrival_solitary_statue, layout_basic,
          dilly_ecumenical_altar_fadedgnrine, serial_corexii_hall,
          chequers_hall_statues_y, chequers_hall_statues_y,
          corexii_hall_statues_i
D:2:      layout_loops_ring, minmay_tromino_v4_b
D:3:      layout_loops_corners, serial_shops, nicolae_square_shop

Skill      XL: |  1  2  3  4 |
---------------+-------------+-----
Unarmed Combat | 4 5 |  5.1
Fighting       | |  3.2
Dodging        | |  2.9
Stealth        | |  1.7

Action                   |  1- 3 |  4- 6 || total
-------------------------+-------+-------++-------
Melee: Unarmed           |   159 |    55 ||   214
       Tailslap          |    11 |     9 ||    20
       Punch             |     1 |     2 ||     3
  Use: Scroll            |     2 |       ||     2
       Potion            |     1 |       ||     1
 Stab: Sleeping          |     6 |     1 ||     7
Armor: Skin              |    57 |    14 ||    71
Dodge: Dodged            |   107 |    35 ||   142
